 Dungeon Crawl Stone Soup version 0.21-a0-270-g8204059 (webtiles) character file.

3666 tidbits the Fighter (level 9, -5/90 HPs)
             Began as a White Draconian Necromancer on Sept 13, 2017.
             Was a High Priest of Cheibriados.
             Shot with an arrow by a centaur (9 damage)
             ... on level 9 of the Dungeon.
             The game lasted 00:40:58 (3323 turns).

tidbits the Fighter (White Draconian Necromancer)   Turns: 3323, Time: 00:40:59

Health: -5/90      AC:  7    Str: 20    XL:     9   Next: 89%
Magic:  3/15       EV: 11    Int: 33    God:    Cheibriados [*****.]
Gold:   382        SH: 14    Dex: 24    Spells: 1/14 levels left

rFire    . . .     SeeInvis .   Q - +1 morningstar (drain)
rCold    + + .     Gourm    .   D - +2 shield
rNeg     . . .     Faith    .   (armour unavailable)
rPois    .         Spirit   .   (helmet restricted)
rElec    .         Reflect  .   (no cloak)
rCorr    +         Harm     .   (no gloves)
MR       .....                  (no boots)
Stlth    ++........             (no amulet)
HPRegen  0.25/turn              K - ring of resist corrosion
MPRegen  0.14/turn              O - ring of protection from cold

@: very slow
A: breathe frost, unfitting armour, clever 1, cold resistance 1, robust 1, weak
1, cold-blooded, AC +7
a: Breathe Frost, Bend Time, Temporal Distortion, Slouch, Step From Time,
Renounce Religion


You were on level 9 of the Dungeon.
You worshipped Cheibriados.
Cheibriados was extremely pleased with you.
You were not hungry.

You visited 1 branch of the dungeon, and saw 9 of its levels.
You also visited: Ossuary.

You collected 382 gold pieces.

Inventory:

Hand Weapons
 a - a +2 hand axe of chopping
   (You found it on level 6 of the Dungeon)
 b - a +0 hunting sling
 f - a +0 mace
 h - a +0 whip
 w - a +0 short sword
 F - a +0 war axe
 I - a cursed -3 shortbow
 J - a +1 flail of holy wrath
   (You took it off an orc on level 7 of the Dungeon)
 L - a +2 dagger of holy wrath
   (You took it off a kobold on level 2 of the Dungeon)
 M - a +2 dagger of venom
   (You took it off an orc priest on level 6 of the Dungeon)
 Q - a +1 morningstar of draining (weapon)
   (You took it off a wight on level 8 of the Dungeon)
Missiles
 d - 46 stones (quivered)
 e - 65 sling bullets
 k - 128 arrows
 o - 18 bolts
 R - a throwing net {!f}
Armour
 v - a scarf of spirit shield
   (You found it on level 3 of the Dungeon)
 D - a +2 shield (worn)
Jewellery
 K - a ring of resist corrosion (left hand)
   (You found it on level 6 of the Dungeon)
 O - a ring of protection from cold (right hand)
   (You found it on level 6 of the Dungeon)
Wands
 y - a wand of flame (23/48)
 G - a wand of iceblast (2/15)
 P - a wand of disintegration (11/24)
Scrolls
 m - a scroll of immolation
 q - a scroll of magic mapping {unknown}
 r - 3 scrolls of remove curse
 s - 2 scrolls of blinking {unknown}
 t - a scroll of fog {unknown}
 u - 2 scrolls of enchant weapon
 H - 2 scrolls of enchant armour {unknown}
Potions
 i - 2 potions of brilliance
 j - a potion of agility
 z - a potion of haste
 A - a potion of curing
 B - a potion of ambrosia
 C - a potion of resistance
 E - a potion of lignification
Books
 c - a book of Necromancy

   Spells                             Type                      Level
   a - Pain                           Necromancy                   1
   b - Animate Skeleton               Necromancy                   1
   c - Vampiric Draining              Necromancy                   3
   d - Regeneration                   Charms/Necromancy            3
   e - Animate Dead                   Necromancy                   4
   f - Control Undead                 Necromancy                   4
 x - a book of Cantrips
   (You found it on level 3 of the Dungeon)

   Spells                             Type                      Level
   a - Confusing Touch                Hexes                        1
   b - Animate Skeleton               Necromancy                   1
   c - Summon Small Mammal            Summoning                    1
   d - Apportation                    Translocation                1
Comestibles
 g - 2 bread rations
 l - 10 chunks of flesh
 n - a meat ration
 p - 2 fruits
 N - a royal jelly


   Skills:
 + Level 8.5 Fighting
 - Level 1.7 Dodging
 - Level 1.7 Stealth
 + Level 7.7 Shields
 - Level 3.1 Spellcasting
 - Level 5.2 Necromancy
 + Level 8.4 Invocations


You had one spell level left.
You knew the following spells:

 Your Spells              Type           Power        Failure   Level  Hunger
a - Apportation           Tloc           #.....       14%         1    None
n - Animate Skeleton      Necr           N/A          1%          1    None
r - Regeneration          Chrm/Necr      ###.......   14%         3    ##.....
u - Control Undead        Necr           #####.....   17%         4    ####...
v - Vampiric Draining     Necr           #####.....   4%          3    ##.....
z - Pain                  Necr           ####         1%          1    None


Dungeon Overview and Level Annotations

Branches:
Dungeon (9/15)             Temple (0/1) D:7
   Lair: D:8-11         Orc: D:9-12

Altars:
Cheibriados
Xom
Yredelemnul

Annotations:
D:2 Jessica
D:4 Pikel


Innate Abilities, Weirdness & Mutations

You can breathe waves of freezing cold.
You can buffet flying creatures when you breathe cold.
Your icy white scales are hard. (AC +7)
You cannot fit into any form of body armour.
Your flesh is cold resistant. (rC+)
You are cold-blooded and may be slowed by cold attacks.
Your mind is acute. (Int +2)
You are robust. (+10% HP)
You are weak. (Str -2)


Message History

Press: ? - help, Shift-Dir - straight line The two-headed ogre writhes in agony!
You bludgeon the two-headed ogre!!
The two-headed ogre is severely wounded.
The two-headed ogre hits you with a giant club!!
The two-headed ogre barely misses you. The two-headed ogre closely misses you.
You block the two-headed ogre's attack.
Casting: Pain
Confirm with . or Enter, or press ? or * to list all spells.
Aiming: Pain
Press: ? - help, Shift-Dir - straight line The two-headed ogre struggles to resist.
Casting: Pain
Confirm with . or Enter, or press ? or * to list all spells.
Aiming: Pain
Press: ? - help, Shift-Dir - straight line The two-headed ogre struggles to resist.
You block the two-headed ogre's attack. x2
You hit the two-headed ogre. You drain the two-headed ogre!
The two-headed ogre is severely wounded.
The two-headed ogre hits you with a giant club!!
* * * LOW HITPOINT WARNING * * *
The two-headed ogre barely misses you.
You impale the two-headed ogre!!
You kill the two-headed ogre!
Cheibriados appreciates the change of pace.
Your Fighting skill increases to level 8!
Your Invocations skill increases to level 8!
You block the bullfrog's attack.
Your shield prevents you from hitting the bullfrog.
You block the bullfrog's attack.
The bullfrog hits you but does no damage.
The bullfrog barely misses you.
You hit the bullfrog. You drain the bullfrog!
The bullfrog is moderately wounded.
The bullfrog closely misses you. You block the bullfrog's attack.
You closely miss the bullfrog.
You tail-slap the bullfrog, but do no damage.
The bullfrog is moderately wounded.
The bullfrog hits you.
* * * LOW HITPOINT WARNING * * *
You block the bullfrog's attack. The bullfrog misses you.
You sock the bullfrog!
You kill the bullfrog!
Cheibriados thoroughly appreciates the change of pace.
Things that are here:
a giant club x2; a bullfrog corpse
Casting: Pain
Confirm with . or Enter, or press ? or * to list all spells.
You attempt to give life to the dead...
Before your eyes, flesh is ripped from the corpse!
The dead are hopping!
l - 10 chunks of flesh (gained 3)
Things that are here:
a giant club x2
Unknown command.
A wyvern zombie comes into view.
The wyvern zombie misses you.
Found a scroll of remove curse and 11 gold pieces.
You sock the wyvern zombie!
The wyvern zombie is moderately damaged.
The wyvern zombie barely misses you.
Your bullfrog skeleton completely misses the wyvern zombie.
The wyvern zombie bites you.
* * * LOW HITPOINT WARNING * * *
Your bullfrog skeleton hits the wyvern zombie but does no damage.
You thump the wyvern zombie!
You tail-slap the wyvern zombie, but do no damage.
The wyvern zombie is heavily damaged.
You block the wyvern zombie's attack.
Your bullfrog skeleton barely misses the wyvern zombie.
The wyvern zombie bites you!
* * * LOW HITPOINT WARNING * * *
The iguana bites you!
* * * LOW HITPOINT WARNING * * *
Your bullfrog skeleton hits the wyvern zombie but does no damage.
You hit the wyvern zombie.
The wyvern zombie is heavily damaged.
The wyvern zombie bites you.
* * * LOW HITPOINT WARNING * * *
Your bullfrog skeleton hits the wyvern zombie.
The iguana bites you.
* * * LOW HITPOINT WARNING * * *
The wyvern zombie barely misses your bullfrog skeleton.
Your bullfrog skeleton hits the wyvern zombie.
A centaur comes into view.
You feel better.
The wyvern zombie bites your bullfrog skeleton!
You block the iguana's attack.
Your bullfrog skeleton hits the wyvern zombie.
The wyvern zombie bites your bullfrog skeleton!
Your bullfrog skeleton is destroyed!
The centaur wields a shortbow.
The centaur shoots an arrow.
You block the arrow.
You hit the wyvern zombie.
The wyvern zombie is almost destroyed.
The iguana bites you!
* * * LOW HITPOINT WARNING * * *
The wyvern zombie misses you.
The centaur shoots an arrow.
The arrow hits you!
You die...

### #.. .# #.#
.# #.# .## #.#
?. #.# .# # .
#<#####.#.#.c.
#...).Z.......
#.####@.#.#..
#†# #l.# #.#
..... #.#
.#..#.#
#.#..#..#.#
#... .... .
###$ ..## # #
..#


You could see a centaur, an iguana and a wyvern zombie.

Vanquished Creatures
  A two-headed ogre (D:9)
  The ghost of tidbits the Insei, a novice DgTm (D:7)
  A water moccasin (D:7)
  A slave (D:5)
  2 ice beasts
  3 orc warriors
  A black bear (D:6)
  A phantom (D:7)
  An ogre (D:6)
  2 centaurs (D:7)
  3 bullfrogs
  3 scorpions
  A howler monkey (D:6)
  A crimson imp (D:6)
  A bullfrog zombie (D:7)
  2 jellies
  4 orc priests
  6 orc wizards
  A bullfrog skeleton (D:5)
  A gnoll shaman (D:5)
  2 hounds
  An iguana (D:5)
  3 worker ants
  A big kobold zombie (Ossuary)
  3 mummies (Ossuary)
  A hound skeleton (D:6)
  7 gnolls
  10 adders
  2 shadow imps
  2 oozes (D:3)
  An adder skeleton (D:7)
  2 adder zombies
  2 worms
  A leopard gecko (D:8)
  19 orcs
  A ball python (D:3)
  6 bats
  6 giant cockroaches
  2 gnoll zombies (Ossuary)
  8 goblins
  7 hobgoblins
  19 jackals
  3 quokkas
  3 frilled lizards (D:1)
  3 goblin zombies (Ossuary)
  3 hobgoblin zombies (Ossuary)
  14 kobolds
  A kobold zombie (Ossuary)
  4 quokka zombies (Ossuary)
  3 rats
  3 rat zombies (Ossuary)
180 creatures vanquished.

Vanquished Creatures (collateral kills)
  3 wights (D:8)
  A hound (D:5)
  An iguana (D:7)
  An orc wizard (D:7)
  An ooze (D:2)
  A leopard gecko (D:5)
  3 orcs
11 creatures vanquished.

Vanquished Creatures (others)
  9 fungi (D:2)
  6 toadstools (D:2)
15 creatures vanquished.

Grand Total: 206 creatures vanquished

Notes
Turn   | Place    | Note
-------+----------+-------------------------------------------
     0 | D:1      | tidbits the Draconian Necromancer began the quest for the Orb.
     0 | D:1      | Reached XP level 1. HP: 14/14 MP: 3/3
   104 | D:1      | Found a snail-covered altar of Cheibriados.
   111 | D:1      | Became a worshipper of Cheibriados the Contemplative
   126 | D:1      | Reached XP level 2. HP: 11/20 MP: 3/5
   129 | D:1      | Learned a level 1 spell: Animate Skeleton
   330 | D:1      | HP: 2/20 [jackal (2)]
   502 | D:1      | Reached XP level 3. HP: 14/26 MP: 1/6
   600 | D:2      | Reached * piety under Cheibriados
   618 | D:2      | Noticed Jessica
   661 | D:1      | Learned a level 3 spell: Vampiric Draining
   939 | D:2      | Reached skill level 5 in Necromancy
   968 | D:2      | Reached XP level 4. HP: 19/33 MP: 0/8
   995 | D:2      | Learned a level 3 spell: Regeneration
  1035 | D:2      | Reached skill level 3 in Spellcasting
  1172 | D:3      | Reached ** piety under Cheibriados
  1277 | D:3      | Reached skill level 1 in Fighting
  1290 | D:3      | Found a shimmering altar of Xom.
  1335 | D:3      | Reached skill level 1 in Shields
  1375 | D:3      | Reached XP level 5. HP: 24/40 MP: 6/9
  1479 | D:4      | Reached skill level 2 in Fighting
  1524 | D:5      | Entered Level 5 of the Dungeon
  1543 | D:5      | Reached *** piety under Cheibriados
  1631 | D:5      | Reached skill level 2 in Shields
  1631 | D:5      | Reached skill level 1 in Invocations
  1735 | D:7      | Reached XP level 6. HP: 40/50 MP: 1/10
  1758 | D:7      | Noticed an orc warrior
  1809 | D:7      | Reached skill level 2 in Invocations
  1814 | D:7      | Found a staircase to the Ecumenical Temple.
  1819 | D:7      | Found a sand-covered staircase.
  1824 | Ossuary  | Entered an ossuary
  1827 | Ossuary  | Gained mutation: You are weak. (Str -2) [potion of mutation]
  1827 | Ossuary  | Gained mutation: You are robust. (+10% HP) [potion of mutation]
  1827 | Ossuary  | Gained mutation: Your mind is acute. (Int +2) [potion of mutation]
  1864 | Ossuary  | HP: 4/55 [mummy (20)]
  1873 | Ossuary  | Reached skill level 3 in Fighting
  2053 | Ossuary  | Learned a level 1 spell: Apportation
  2135 | D:7      | Reached skill level 3 in Shields
  2144 | D:7      | Reached skill level 3 in Invocations
  2144 | D:7      | Your scales start taking on an icy white colour.
  2144 | D:7      | Reached XP level 7. HP: 33/63 MP: 0/11
  2144 | D:7      | Gained mutation: Your flesh is cold resistant. (rC+) [White Draconian growth]
  2178 | D:7      | Noticed tidbits's ghost (novice DgTm)
  2297 | D:6      | Reached **** piety under Cheibriados
  2297 | D:6      | Reached skill level 4 in Fighting
  2353 | D:6      | Reached skill level 4 in Shields
  2396 | D:6      | Reached skill level 4 in Invocations
  2481 | D:6      | Reached skill level 5 in Fighting
  2484 | D:6      | Reached XP level 8. HP: 57/74 MP: 3/12
  2564 | D:5      | Found a basalt altar of Yredelemnul.
  2597 | D:4      | Noticed Pikel
  2738 | D:5      | Reached skill level 5 in Invocations
  2795 | D:5      | Reached skill level 5 in Shields
  2801 | D:5      | Reached ***** piety under Cheibriados
  2898 | D:7      | Killed tidbits's ghost
  2898 | D:7      | Reached skill level 6 in Fighting
  2898 | D:7      | Reached skill level 6 in Shields
  2898 | D:7      | Reached skill level 6 in Invocations
  2925 | D:7      | Reached XP level 9. HP: 55/85 MP: 8/13
  2931 | D:7      | Reached skill level 7 in Fighting
  2989 | D:7      | Reached skill level 7 in Invocations
  3075 | D:8      | Learned a level 4 spell: Control Undead
  3257 | D:7      | Reached skill level 7 in Shields
  3299 | D:9      | Noticed a two-headed ogre
  3309 | D:9      | Killed a two-headed ogre
  3309 | D:9      | Reached skill level 8 in Fighting
  3309 | D:9      | Reached skill level 8 in Invocations
  3321 | D:9      | HP: 9/90 [iguana (6)]
  3323 | D:9      | HP: 4/90 [iguana (11)]
  3323 | D:9      | Shot with an arrow by a centaur

Vault maps used:
D:1:      dpeg_arrival_boxes_within_box, cheibriados_altar_1
D:2:      cheibrodos_fertilizer, nicolae_overflow_hidden_temple, first_bread,
          small_statue_intersection, uniq_jessica
D:3:      overflow_temple_1_default, uniq_sigmund
D:4:      uniq_pikel
D:5:      basic_altar, hangedman_decor_riveting, kennysheep_generic_room_7
D:6:      marbit_many_paths, minmay_joined_circles
D:7:      minmay_temple_entry_trees, enter_ossuary_5
D:8:      serial_shops, shop
D:9:      led_sif_book, david_orc_4
Ossuary:  ossuary_minmay_chase

Skill      XL: |  1  2  3  4  5  6  7  8  9 |
---------------+----------------------------+-----
Necromancy     | 5 |  5.2
Spellcasting   | 3 |  3.1
Fighting       | 1 2 3 5 6 8 |  8.5
Shields        | 1 2 3 4 6 7 |  7.7
Invocations    | 1 3 4 6 8 |  8.4
Dodging        | |  1.7
Stealth        | |  1.7

Action                   |  1- 3 |  4- 6 |  7- 9 || total
-------------------------+-------+-------+-------++-------
Melee: Mace              |    33 |       |       ||    33
       Tailslap          |     3 |    38 |    42 ||    83
       Short sword       |     6 |   200 |       ||   206
       Dagger            |       |    28 |    63 ||    91
       Hand axe          |       |       |    27 ||    27
       Flail             |       |       |    78 ||    78
       Morningstar       |       |       |    37 ||    37
 Fire: Hunting sling     |     5 |       |       ||     5
Throw: Stone             |       |     7 |     1 ||     8
 Cast: Pain              |    56 |    38 |    55 ||   149
       Animate Skeleton  |     1 |     8 |    17 ||    26
       Vampiric Draining |     1 |     8 |    16 ||    25
       Regeneration      |       |     6 |    13 ||    19
       Apportation       |       |       |     1 ||     1
       Control Undead    |       |       |     1 ||     1
Invok: Bend Time         |       |     2 |     2 ||     4
       Slouch            |       |       |     1 ||     1
 Abil: Breathe Frost     |       |       |     8 ||     8
Evoke: Wand              |       |       |     7 ||     7
  Use: Potion            |     2 |     6 |     5 ||    13
       Scroll            |     3 |     5 |     6 ||    14
 Stab: Invisible         |     1 |       |       ||     1
       Distracted        |       |     1 |     2 ||     3
  Eat: Chunk             |     1 |     2 |     6 ||     9
       Royal jelly       |       |     1 |       ||     1
Armor: Skin              |    10 |    63 |    57 ||   130
Dodge: Dodged            |    49 |    98 |    92 ||   239
Block: Shield            |       |    78 |   177 ||   255

Table legend:
 A = Spawn XP
 B = Non-spawn XP
 C = Spawn XP percentage of total XP
 D = Spawn monster count
 E = Non-spawn monster count
 F = Spawn count percentage of total count
 G = Total turns spent on level
                    A         B        C        D         E        F      G
               +---------+---------+-------+---------+---------+-------+---------
         Total |       0 |    5238 |   0.0 |       0 |     190 |   0.0 |  3323
               +---------+---------+-------+---------+---------+-------+---------
           D:1 |       0 |      45 |   0.0 |       0 |      27 |   0.0 |   710
           D:2 |       0 |      69 |   0.0 |       0 |      18 |   0.0 |   386
           D:3 |       0 |      84 |   0.0 |       0 |      27 |   0.0 |   301
           D:4 |       0 |      68 |   0.0 |       0 |       7 |   0.0 |   129
           D:5 |       0 |     322 |   0.0 |       0 |      16 |   0.0 |   421
           D:6 |       0 |     796 |   0.0 |       0 |      25 |   0.0 |   415
           D:7 |       0 |    2200 |   0.0 |       0 |      35 |   0.0 |   549
           D:8 |       0 |     362 |   0.0 |       0 |      10 |   0.0 |   110
           D:9 |       0 |    1189 |   0.0 |       0 |       4 |   0.0 |    42
       Ossuary |       0 |     103 |   0.0 |       0 |      21 |   0.0 |   260
               +---------+---------+-------+---------+---------+-------+---------

Table legend:
 A = Turns spent in this place as a percentage of turns spent in the entire game.
 B = Non-inter-level travel turns spent in this place as a percentage of non-inter-level travel turns spent in the entire game.
 C = Inter-level travel turns spent in this place as a percentage of turns spent in this place.
 D = Turns resting spent in this place as a percentage of non-inter-level travel turns spent in this place.
 E = Turns spent auto-exploring this place as a percentage of non-inter-level travel turns spent in this place.
 F = Non-inter-level travel turns spent in this place divided by the number of levels of this place that you've seen.
                   A       B       C       D       E      F
               +-------+-------+-------+-------+-------+----------------------
         Total | 100.0 | 100.0 |   1.3 |   0.9 |   0.0 | 327.9
       Dungeon |  92.2 |  92.1 |   1.4 |   1.0 |   0.0 | 335.4
       Ossuary |   7.8 |   7.9 |   0.0 |   0.0 |   0.0 | 260.0
               +-------+-------+-------+-------+-------+----------------------

Table legend:
 A = Kills in this place as a percentage of kills in entire the game.
 B = Kills by you in this place as a percentage of kills by you in the entire game.
 C = Kills by friends in this place as a percentage of kills by friends in the entire game.
 D = Other kills in this place as a percentage of other kills in the entire game.
 E = Experience gained in this place as a percentage of experience gained in the entire game.
 F = Experience gained in this place divided by the number of levels of this place that you have seen.
                   A       B       C       D       E      F
               +-------+-------+-------+-------+-------+----------------------
         Total | 100.0 | 100.0 | 100.0 |   N/A | 100.0 | 523.8
       Dungeon |  88.9 |  88.3 | 100.0 |   N/A |  98.0 | 570.6
       Ossuary |  11.1 |  11.7 |   0.0 |   N/A |   2.0 | 103.0
               +-------+-------+-------+-------+-------+----------------------

Vault maps used:
D:1:      dpeg_arrival_boxes_within_box, cheibriados_altar_1
D:2:      cheibrodos_fertilizer, nicolae_overflow_hidden_temple, first_bread,
          small_statue_intersection, uniq_jessica
D:3:      overflow_temple_1_default, uniq_sigmund
D:4:      uniq_pikel
D:5:      basic_altar, hangedman_decor_riveting, kennysheep_generic_room_7
D:6:      marbit_many_paths, minmay_joined_circles
D:7:      minmay_temple_entry_trees, enter_ossuary_5
D:8:      serial_shops, shop
D:9:      led_sif_book, david_orc_4
Ossuary:  ossuary_minmay_chase
